 Dungeon Crawl Stone Soup version 0.27-a0-1456-gf5a116941d (webtiles) character file.

Game seed: 5517518386949955188

23 wesbby the Cutter (level 3, 0/23 HPs)
             Began as a Kobold Berserker on July 6, 2021.
             Was a Follower of Trog.
             Slain by a goblin (3 damage)
             ... on level 3 of the Dungeon.
             The game lasted 00:02:45 (1681 turns).

wesbby the Cutter (Kobold Berserker)                Turns: 1681, Time: 00:02:46

Health: 0/23       AC:  1    Str: 14    XL:     3   Next: 12%
Magic:  3/3        EV: 15    Int:  8    God:    Trog [*.....]
Gold:   25         SH:  0    Dex: 15    Spells: 2/2 levels left

rFire    . . .     SeeInvis .   a - +0 short sword
rCold    . . .     Faith    .   (shield restricted)
rNeg     . . .     Spirit   .   (no armour)
rPois    .         Reflect  .   (no helmet)
rElec    .         Harm     .   (no cloak)
rCorr    .         Rampage  .   d - +0 pair of gloves
Will     .....                  (no boots)
Stlth    +++.......             (no amulet)
HPRegen  0.07/turn              (no ring)
MPRegen  0.08/turn              (no ring)

@: on berserk cooldown, slowed, very slow
A: small, no large weapons, nightstalker 3
a: Renounce Religion, Berserk


You were on level 3 of the Dungeon.
You worshipped Trog.
Trog was aware of your devotion.
You visited 1 branch of the dungeon, and saw 3 of its levels.

You collected 25 gold pieces.

Inventory:

Hand Weapons
 a - a +0 short sword (weapon)
Armour
 b - a +0 animal skin
 c - a +0 chain mail
 d - a +0 pair of gloves (worn)
Scrolls
 e - a scroll of teleportation
 f - a scroll of identify
 g - a scroll of fog
Potions
 h - a potion of curing


   Skills:
 * Level 3.6 Fighting
 * Level 4.7 Short Blades
 * Level 1.7 Armour
 * Level 2.6 Dodging
 * Level 1.0 Stealth


You had 2 spell levels left.
You didn't know any spells.
Your spell library was empty.

Dungeon Overview and Level Annotations

Branches:
Dungeon (2/15)

Altars:


Innate Abilities, Weirdness & Mutations

You are small and have problems with some larger weapons.
You are completely attuned to the shadows.


Message History

The goblin shouts!
You hear a shout! x3
The goblin misses you.
Things that are here:
a bat corpse; a jackal corpse You hit the goblin.
The goblin is severely wounded.
The goblin hits you with a +0 club.
You completely miss the goblin.
The goblin is severely wounded.
The goblin hits you with a +0 club.
You barely miss the goblin.
The goblin is severely wounded.
The goblin hits you with a +0 club. The goblin misses you.
You're still recovering from your berserk rage.
You barely miss the goblin.
The goblin is severely wounded.
The goblin hits you but does no damage.
You hit the goblin.
The goblin is severely wounded.
The goblin hits you but does no damage.
You barely miss the goblin.
The goblin is severely wounded.
The goblin closely misses you. The goblin hits you with a +0 club.
* * * LOW HITPOINT WARNING * * *
Okay, then.
You hit the goblin but do no damage.
The goblin is severely wounded.
The goblin barely misses you.
You hit the goblin but do no damage.
The goblin is severely wounded.
The goblin misses you.
You closely miss the goblin.
The goblin is severely wounded.
The goblin hits you with a +0 club.
* * * LOW HITPOINT WARNING * * *
A gnoll comes into view. It is wielding a +0 flail.
Okay, then.
The goblin barely misses you. The goblin hits you with a +0 club.
You die...

.. ..####
.....###
#.....#
#@#..#####
#g# .....#
#.###...<.
#.†.......
####......
#..S...
##..!..
......


You could see a goblin.

Vanquished Creatures
  2 endoplasms (D:1)
  A goblin (D:1)
  2 hobgoblins (D:1)
  7 jackals
  A ball python (D:1)
  2 bats
  2 frilled lizards (D:1)
  2 kobolds (D:1)
  2 rats (D:1)
21 creatures vanquished.

Notes
Turn   | Place    | Note
-------+----------+-------------------------------------------
     0 | D:1      | wesbby the Kobold Berserker began the quest for the Orb.
     0 | D:1      | Reached XP level 1. HP: 14/14 MP: 1/1
   559 | D:1      | Reached XP level 2. HP: 19/19 MP: 2/2
  1400 | D:1      | Found a faded altar of an unknown god.
  1647 | D:2      | You fall into a shaft and drop 1 floor!
  1659 | D:3      | Reached XP level 3. HP: 23/23 MP: 3/3
  1662 | D:3      | Reached skill level 1 in Stealth
  1681 | D:3      | Slain by a goblin

Illustrated notes

Levels and vault maps discovered:
D:1:      tarquinn_simple_flora_water_b, layout_basic,
          hellmonk_ecumenical_altar_arch_garden
D:2:      layout_basic
D:3:      layout_rooms, lemuel_doored_altar, nicolae_overflow_crystal_walls

Skill      XL: |  1  2  3 |
---------------+----------+-----
Stealth        | 1 |  1.0
Fighting       | |  3.6
Short Blades   | |  4.7
Armour         | |  1.7
Dodging        | |  2.6

Action                   || total
-------------------------++-------
Melee: Short sword       ||    71
Invok: Berserk           ||     4
  Use: Scroll            ||     3
 Stab: Sleeping          ||     6
       Distracted        ||     1
Armor: Skin              ||     5
Dodge: Dodged            ||    42

Table legend: (Time is in decaauts)
 A = Elapsed time spent in this place.
 B = Non-inter-level travel time spent in this place.
 C = Inter-level travel time spent in this place.
 D = Time resting spent in this place.
 E = Time spent auto-exploring this place.
 F = Levels seen in this place.
 G = Mean time per level.
                   A        B        C        D        E       F      G
               +--------+--------+--------+--------+--------+-----+--------+
         Total |   1706 |   1599 |    107 |    862 |    548 |   3 |  568.7 |
       Dungeon |   1706 |   1599 |    107 |    862 |    548 |   3 |  568.7 |
               +--------+--------+--------+--------+--------+-----+--------+

Top non-repeatable levels by time:
     D:1: 1646 daAuts
     D:3: 34 daAuts
     D:2: 25 daAuts
